 Dungeon Crawl Stone Soup version 0.19.0-2-gae57169 (webtiles) character file.

12561 Leybi the Grappler (level 11, -3/107 HPs)
             Began as a Troll Berserker on Nov 4, 2016.
             Was a High Priest of Trog.
             Slain by an orc warrior
             ... wielding a +2 halberd of venom
              (13 damage)
             ... on level 1 of the Orcish Mines.
             The game lasted 01:06:23 (9810 turns).

Leybi the Grappler (Troll Berserker)                Turns: 9810, Time: 01:06:23

Health: -3/107     AC:  8    Str: 30    XL:     11   Next: 64%
Magic:  10/10      EV: 12    Int:  3    God:    Trog [*****.]
Gold:   781        SH:  0    Dex: 11    Spells: 0 memorised, 10 levels left

rFire  + . .     SeeInvis +       - Unarmed
rCold  . . .     Gourm    +     K - +0 troll leather armour
rNeg   + . .     Faith    .     (no shield)
rPois  +         Spirit   .     (helmet restricted)
rElec  .         Reflect  .     E - +0 cloak
rCorr  .         Harm     .     (gloves unavailable)
MR     .....                    (boots unavailable)
Stlth  +.........               s - amulet of regeneration
                                P - ring of see invisible
                                O - ring of Pebo {rPois rF+ rN+ Dex+2 Slay+2 Stlth-}

@: lethally poisoned (-3 -> -4), exhausted, slowed, very slow
A: unfitting armour, claws 3, fast metabolism 3, gourmand, regeneration 1,
shaggy fur 1, tough skin 2
a: Berserk, Trog's Hand, Brothers in Arms, Burn Spellbooks, Renounce Religion


You were on level 1 of the Orcish Mines.
You worshipped Trog.
Trog was extremely pleased with you.
You were very full.

You visited 3 branches of the dungeon, and saw 13 of its levels.

You collected 1373 gold pieces.
You spent 592 gold pieces at shops.

Inventory:

Hand Weapons
 d - a +3 mace of crushing
 L - the +7 battleaxe of Soiq {drain, rElec Str+4}
   (Trog gifted it to you on level 2 of the Orcish Mines)

   A truly terrible weapon, it drains the life of those it strikes.
   It affects your strength (+4).
   It insulates you from electricity.
 N - the +7 rapier "Heapeomm" {flame, Dex+6}
   (You found it on level 7 of the Dungeon)

   It has been specially enchanted to burn those struck by it, causing extra
   injury to most foes and up to half again as much damage against particularly
   susceptible opponents.
   It affects your dexterity (+6).
Missiles
 u - 12 large rocks (quivered)
Armour
 a - a +0 animal skin
 E - a +0 cloak (worn)
 K - a +0 troll leather armour (worn)
Jewellery
 q - an uncursed ring of protection from fire
 s - an amulet of regeneration (around neck)
 O - the ring of Pebo (left claw) {rPois rF+ rN+ Dex+2 Slay+2 Stlth-}
   (You bought it in a shop on level 2 of the Orcish Mines)

   [ring of poison resistance]

   It affects your dexterity (+2).
   It affects your accuracy and damage with ranged weapons and melee attacks
   (+2).
   It protects you from fire.
   It protects you from poison.
   It protects you from negative energy.
   It makes you less stealthy.
 P - a ring of see invisible (right claw)
Wands
 A - a wand of teleportation (2/9)
 C - a wand of slowing (21/48)
 G - a wand of flame (37/48)
Scrolls
 c - 3 scrolls of remove curse
 m - a scroll of identify
 o - 3 scrolls of enchant weapon {unknown}
 p - 6 scrolls of teleportation
 w - a scroll of blinking
 x - 4 scrolls of recharging {unknown}
 y - a scroll of noise {unknown}
 z - 3 scrolls of fog {unknown}
 B - 2 scrolls of magic mapping {unknown}
 D - 2 scrolls of amnesia {unknown}
 I - a scroll of summoning {unknown}
 Q - a scroll of immolation {unknown}
 S - a scroll of acquirement {unknown}
Potions
 e - 2 potions of agility
 f - 3 potions of might
 g - a potion of invisibility
 h - 2 potions of resistance
 i - 4 potions of flight {unknown}
 k - 2 potions of heal wounds
 l - a potion of brilliance {unknown}
 r - 3 potions of curing
 t - 2 potions of haste {unknown}
 H - a potion of ambrosia {unknown}
 J - a potion of degeneration {unknown}
Comestibles
 b - 7 bread rations
 j - 7 meat rations
 n - 5 chunks of flesh
 v - 6 fruits
 F - 3 beef jerkies
 M - a slice of pizza
 T - a royal jelly


   Skills:
 * Level 6.4 Fighting
 - Level 3.9 Short Blades
 + Level 0.3 Throwing
 + Level 2.0 Armour
 + Level 7.1 Dodging
 - Level 2.9 Stealth
 + Level 13.4 Unarmed Combat


You had 10 spell levels left.
You didn't know any spells.

Dungeon Overview and Level Annotations

Branches:
Dungeon (10/15)            Temple (1/1) D:7             Orc (2/2) D:9
    Elf (0/3) Orc:2
   Lair: D:8-11

Altars:
Ashenzari
Cheibriados
Dithmenos
Elyvilon
Fedhas
Gozag
Hepliaklqana
Kikubaaqudgha
Makhleb
Nemelex Xobeh
Okawaru
Qazlal
Ru
Sif Muna
Trog
Uskayaw
Vehumet
Xom
Yredelemnul
Zin
The Shining One
Beogh

Shops:
D:6 =   Orc:2 ([==

Annotations:
D:3 1 runed door


Innate Abilities, Weirdness & Mutations

You are too large for most types of armour.
You have claws for hands.
Your metabolism is lightning-fast.
You like to eat raw meat.
Your natural rate of healing is unusually fast.
You are covered in fur. (AC +1)
You have very tough skin. (AC +2)


Message History

The orc warrior hits you with a halberd of venom!
* * * LOW HITPOINT WARNING * * *
You scratch the orc warrior but do no damage.
The orc warrior is severely wounded.
You feel sick.
The orc warrior hits you with a halberd of venom.
* * * LOW HITPOINT WARNING * * *
You are more poisoned.
You feel better.
The orc warrior hits you with a halberd of venom!
* * * LOW HITPOINT WARNING * * *
You are poisoned.
You feel much better.
You feel very sick. The orc warrior closely misses you.
The orc warrior hits you with a halberd of venom!!
* * * LOW HITPOINT WARNING * * *
You feel very sick.
The orc warrior hits you from afar with a halberd of venom!
You die...

#### .### #..#.##
...# #.....# ###...##
#### .....##$.#....#
#.#. ......##.....
#... #..$.....#
#####..## #.....o..#
#......>###....)).##
####..))##.....@)..#
###...#....##........
##......##........#
##...$.$#........#
#..##.###....##.#
#...#### ####..# #
##$.. .## ##### ##


You could see an orc warrior.

Vanquished Creatures
  An orc high priest (Orc:2)
  A hill giant (D:10)
  The ghost of jacquesderrida the Grappler, a novice VSWn of Ashenzari (D:8)
  4 orc sorcerers (Orc:2)
  A cyclops (D:9)
  A gargoyle (D:10)
  3 trolls
  A two-headed ogre (D:10)
  2 hippogriffs (D:7)
  Sigmund (D:6)
  A water elemental (Orc:2)
  A wyvern (D:10)
  Eustachio (D:6)
  A wraith (D:10)
  3 yaks (D:9)
  2 wargs (Orc:2)
  Edmund (D:6)
  Menkaure (D:6)
  4 sky beasts
  A black bear (D:10)
  2 ice beasts
  A phantom (D:7)
  17 orc warriors
  A centaur (D:9)
  A wolf (D:9)
  3 ogres (D:9)
  2 big kobolds
  A crocodile (D:7)
  A bullfrog (D:7)
  A scorpion (D:10)
  8 wights (D:10)
  7 howler monkeys
  3 crimson imps
  2 hounds (D:10)
  A quasit (D:10)
  21 orc priests
  5 jellies
  24 orc wizards
  3 bullfrog skeletons
  4 iguanas
  Ijyb (D:2)
  3 worker ants
  A bullfrog simulacrum (D:9)
  A hound zombie (D:8)
  A worker ant zombie (D:10)
  Robin (D:4)
  13 adders
  3 gnolls (D:7)
  A howler monkey skeleton (D:4)
  4 shadow imps
  3 white imps (D:9)
  A howler monkey simulacrum (D:9)
  An ooze (D:3)
  2 ufetubi (D:9)
  4 adder skeletons
  A worm (D:5)
  A dart slug (D:1)
  4 leopard geckos
  49 orcs
  2 ball pythons
  5 giant cockroaches
  18 goblins
  8 hobgoblins
  8 jackals (D:2)
  2 quokkas
  10 bats
  A frilled lizard (D:1)
  10 kobolds
  2 quokka zombies
  8 rats
  A butterfly (D:6)
310 creatures vanquished.

Vanquished Creatures (others)
  4 plants (D:10)
4 creatures vanquished.

Grand Total: 314 creatures vanquished

Notes
Turn   | Place    | Note
-------+----------+-------------------------------------------
     0 | D:1      | Leybi the Troll Berserker began the quest for the Orb.
     0 | D:1      | Reached XP level 1. HP: 22/22 MP: 0/0
    71 | D:1      | Reached XP level 2. HP: 29/29 MP: 1/1
   647 | D:2      | Reached XP level 3. HP: 31/36 MP: 2/2
   655 | D:2      | Reached ** piety under Trog
   725 | D:2      | Noticed Ijyb
   730 | D:2      | Killed Ijyb
   734 | D:2      | Reached skill level 4 in Unarmed Combat
   734 | D:2      | Reached XP level 4. HP: 39/44 MP: 3/3
  1328 | D:3      | Found a faded altar of an unknown god.
  1350 | D:3      | Reached XP level 5. HP: 52/52 MP: 4/4
  1356 | D:3      | Reached skill level 5 in Unarmed Combat
  1477 | D:3      | Found a glowing golden altar of the Shining One.
  1484 | D:3      | Found a runed door.
  1484 | D:3      | Noticed an angel
  1817 | D:4      | Noticed Robin
  1824 | D:4      | Reached *** piety under Trog
  1830 | D:4      | Killed Robin
  1834 | D:4      | Received a gift from Trog
  2061 | D:4      | Found a deep blue altar of Sif Muna.
  2119 | D:4      | Reached XP level 6. HP: 61/61 MP: 5/5
  2258 | D:5      | Entered Level 5 of the Dungeon
  2258 | D:5      | Noticed a sky beast
  2271 | D:5      | Killed a sky beast
  2271 | D:5      | Reached skill level 6 in Unarmed Combat
  2563 | D:5      | Found a hide-covered altar of Uskayaw.
  2565 | D:5      | Found a blossoming altar of Fedhas.
  2627 | D:5      | Reached XP level 7. HP: 67/67 MP: 6/6
  3047 | D:6      | Found a shimmering altar of Xom.
  3117 | D:6      | Reached skill level 7 in Unarmed Combat
  3127 | D:6      | Noticed Eustachio
  3141 | D:6      | Killed Eustachio
  3201 | D:6      | Found Xygosef's Jewellery Shoppe.
  3236 | D:6      | Noticed Sigmund
  3257 | D:6      | Killed Sigmund
  3257 | D:6      | Reached skill level 1 in Stealth
  3257 | D:6      | Reached XP level 8. HP: 45/75 MP: 7/7
  3498 | D:6      | Reached skill level 8 in Unarmed Combat
  3530 | D:6      | Noticed Menkaure
  3538 | D:6      | Killed Menkaure
  3617 | D:6      | Noticed Edmund
  3632 | D:6      | Killed Edmund
  3632 | D:6      | Reached skill level 5 in Dodging
  3656 | D:6      | Found a bloodstained altar of Trog.
  3888 | D:7      | Reached skill level 9 in Unarmed Combat
  3908 | D:7      | Reached **** piety under Trog
  4046 | D:7      | Noticed a hippogriff
  4051 | D:7      | Killed a hippogriff
  4051 | D:7      | Reached XP level 9. HP: 50/84 MP: 8/8
  4109 | D:7      | Found a staircase to the Ecumenical Temple.
  4221 | D:7      | Got an iridescent rapier
  4271 | D:7      | Reached skill level 10 in Unarmed Combat
  4377 | D:7      | Got a pair of translucent boots
  4389 | D:7      | Found a white marble altar of Elyvilon.
  4794 | D:8      | Found a shattered altar of Ashenzari.
  5274 | D:8      | Noticed jacquesderrida's ghost (novice VSWn)
  5289 | D:8      | Killed jacquesderrida's ghost
  5837 | D:9      | Reached skill level 11 in Unarmed Combat
  6160 | D:9      | Found a staircase to the Orcish Mines.
  6220 | D:9      | Reached XP level 10. HP: 66/94 MP: 9/9
  6275 | D:9      | Received a gift from Trog
  6622 | Temple   | Entered the Ecumenical Temple
  6639 | Temple   | Identified the +7 rapier "Heapeomm" {flame, Dex+6} (You found it on level 7 of the Dungeon)
  6797 | D:10     | Entered Level 10 of the Dungeon
  6797 | D:10     | Noticed a hill giant
  6799 | D:10     | Noticed a gargoyle
  6892 | D:10     | Killed a gargoyle
  6892 | D:10     | Reached skill level 1 in Short Blades
  7121 | D:10     | Killed a hill giant
  7121 | D:10     | Reached skill level 5 in Fighting
  7121 | D:10     | Reached skill level 12 in Unarmed Combat
  8041 | D:10     | Noticed a two-headed hydra
  8312 | Orc:1    | Entered Level 1 of the Orcish Mines
  8387 | Orc:1    | Noticed a cyclops
  8481 | D:9      | Killed a cyclops
  8520 | Orc:1    | Reached XP level 11. HP: 100/104 MP: 10/10
  8537 | Orc:1    | Reached ***** piety under Trog
  8639 | Orc:2    | Entered Level 2 of the Orcish Mines
  8784 | Orc:2    | Found a roughly hewn altar of Beogh.
  9176 | Orc:2    | Received a gift from Trog
  9190 | Orc:2    | Got a polished battleaxe {god gift}
  9220 | Orc:2    | Noticed an orc sorcerer
  9274 | Orc:2    | Paralysed by an orc sorcerer for 4 turns
  9279 | Orc:2    | Killed an orc sorcerer
  9279 | Orc:2    | Reached skill level 13 in Unarmed Combat
  9302 | Orc:2    | Reached skill level 1 in Armour
  9303 | Orc:2    | Noticed an orc sorcerer
  9308 | Orc:2    | Killed an orc sorcerer
  9427 | Orc:2    | Found Vynna's Weapon Boutique.
  9427 | Orc:2    | Found Uskofad's Jewellery Shop.
  9427 | Orc:2    | Found Begolaev's Antique Armour Boutique.
  9430 | Orc:2    | Found Lakipinu's Jewellery Shop.
  9442 | Orc:2    | Noticed an orc sorcerer
  9444 | Orc:2    | Noticed an orc sorcerer
  9473 | Orc:2    | Killed an orc sorcerer
  9478 | Orc:2    | Killed an orc sorcerer
  9531 | Orc:2    | Found a staircase to the Elven Halls.
  9545 | Orc:2    | Noticed an orc high priest
  9555 | Orc:2    | Killed an orc high priest
  9588 | Orc:2    | Bought the ring of Pebo {rPois rF+ rN+ Dex+2 Slay+2 Stlth-} for 592 gold pieces
  9594 | Orc:2    | Identified the +7 battleaxe of Soiq {drain, rElec Str+4} (Trog gifted it to you on level 2 of the Orcish Mines)
  9810 | Orc:1    | Slain by an orc warrior

Skill      XL: |  1  2  3  4  5  6  7  8  9 10 11 |
---------------+----------------------------------+-----
Unarmed Combat | 4 5 6 7 9 11 12 13 | 13.4
Dodging        | 3 4 5 6 7 |  7.1
Fighting       | 3 4 5 6 |  6.4
Stealth        | 1 2 |  2.9
Short Blades   | 2 3 |  3.9
Armour         | 2 |  2.0
Throwing       | |  0.3

Action                   |  1- 3 |  4- 6 |  7- 9 | 10-12 || total
-------------------------+-------+-------+-------+-------++-------
Melee: Unarmed           |    66 |   184 |   241 |   389 ||   880
       Punch             |       |     1 |    10 |    22 ||    33
Invok: Berserk           |       |     2 |     2 |     7 ||    11
       Trog's Hand       |       |       |     4 |     3 ||     7
       Burn Spellbooks   |       |       |     1 |     1 ||     2
  Use: Scroll            |       |       |     4 |     4 ||     8
       Potion            |       |       |     1 |     4 ||     5
 Stab: Sleeping          |       |       |     3 |       ||     3
  Eat: Chunk             |    10 |    21 |    31 |    45 ||   107
Armor: Animal skin       |    41 |    53 |    60 |    47 ||   201
       Troll leather arm |       |       |       |    35 ||    35
Dodge: Dodged            |    38 |   108 |   135 |   196 ||   477
